 Dungeon Crawl Stone Soup version 0.29-a0-243-g602b31c20e (webtiles) character file.

Game seed: 14577028704013479204

22 spaghetti the Skirmisher (level 2, 0/18 HPs)
             Began as a Deep Elf Chaos Knight on Mar 4, 2022.
             Was a Plaything of Xom.
             Slain by a goblin
             ... wielding a +0 dagger
             ... led by Robin
              (3 damage)
             ... on level 1 of the Dungeon.
             The game lasted 00:01:36 (1440 turns).

spaghetti the Skirmisher (Deep Elf Chaos Knight)    Turns: 1440, Time: 00:01:38

Health: 0/18       AC:  5    Str:  9    XL:     2   Next: 68%
Magic:  7/7        EV: 12    Int: 16    God:    Xom [..*...]
Gold:   61         SH:  0    Dex: 14    Spells: 6/6 levels left

rFire   . . .      SeeInvis .   a - +0 falchion (chaos) {long}
rCold   . . .      Faith    .   (no shield)
rNeg    . . .      Spirit   .   b - +2 leather armour
rPois   .          Reflect  .   (no helmet)
rElec   .          Harm     .   (no cloak)
rCorr   .          Rampage  .   (no gloves)
Will    .....                   (no boots)
Stlth   +.........              (no amulet)
HPRegen 0.06/turn               (no ring)
MPRegen 0.10/turn               (no ring)

@: invisible
A: no striking features
a: Renounce Religion


You were on level 1 of the Dungeon.
You worshipped Xom.
You were a toy of Xom.
You visited 1 branch of the dungeon, and saw 2 of its levels.

You collected 61 gold pieces.


   Skills:
 - Level 2.7 Fighting
 - Level 2.6 Long Blades
 - Level 0.7 Armour
 - Level 2.4 Dodging
 + Level 2.7 Spellcasting


You had 6 spell levels left.
You didn't know any spells.
Your spell library contained the following spells:

 Spells                   Type           Power      Damage    Failure   Level
 Animate Skeleton         Necr           4%         N/A       26%         1
 Magic Dart               Conj           8%         1d3       26%         1
 Pain                     Necr           8%         1d4       26%         1
 Call Imp                 Summ           2%         N/A       36%         2
 Mephitic Cloud           Conj/Pois/Air  2%         N/A       61%         3
 Vampiric Draining        Necr           2%         2d6       61%         3

Inventory:

Hand Weapons
 a - a +0 falchion of chaos (weapon) {long}
Missiles
 c - 26 stones (quivered) {throwing}
 e - 4 javelins {throwing}
Armour
 b - a +2 leather armour (worn)
Potions
 d - a potion of invisibility

Dungeon Overview and Level Annotations

Branches:
Dungeon (2/15)

Altars:

Annotations:
D:2 Robin

...#.# #....##.....#######......
##.#.# #.##.##.....#######'#####
#.#.####.##.##...####........# #
#.........#.##..)# #........# #
####.####..#.##...# #........# #
...........#.##...# #........###
####.#####†#g##)..####....#......
...........>g.+...+..'....'......
##..........###)@.####....#######
##.#.######.....g.+..............
.#.#..............####....#######
##.#..............# #........##..
...#..............# #........##..
.....#............###.......[##..
.......#............#........##..
####+###............###########..
.........#####......# #..


You could see a goblin.


Message History

The goblin completely misses you. The goblin barely misses you.
Robin throws the goblin at you! The goblin hits you but does no damage.
There is a stone staircase leading up here. 😕 HP[-3]
You take 3 damage, and now have 15/18 hp.
The goblin barely misses you. The goblin hits you with a +0 club.
The hobgoblin hits you. The goblin hits you with a +0 club.
Robin throws the goblin at you! The goblin hits you but does no damage.
The goblin closely misses you.
You climb upwards.
There is a stone staircase leading down here. 😮 HP[-3]
You take 3 damage, and now have 12/18 hp.
You can't go up here!
You can't go up here!
You are too injured to fight recklessly!
It was a potion of invisibility.
You fade into invisibility!
The goblin closely misses you.
The goblin unwields a +0 dagger.
The goblin wields a +0 hunting sling.
The goblin shoots a sling bullet.
The sling bullet closely misses the hobgoblin.
The sling bullet misses the goblin.
The hobgoblin completely misses you. The goblin closely misses you.
The goblin hits you but does no damage. The goblin barely misses you.
Unknown command.
You are too injured to fight recklessly!
You catch the helpless goblin completely off-guard!
You hit the goblin. You drain the goblin.
You kill the goblin!
The goblin hits you with a +0 club.
The goblin unwields a +0 hunting sling.
The goblin wields a +0 dagger.
The goblin misses you. x2
The goblin hits you but does no damage. 😮 HP[-2]
You take 2 damage, and now have 10/18 hp.
You closely miss the goblin. The goblin misses you.
The hobgoblin closely misses you. The goblin completely misses you.
The goblin closely misses you. x2; The goblin hits you with a +0 club.
* * * LOW HITPOINT WARNING * * *
The hobgoblin closely misses you. 😨 HP[-1]
You take 1 damage, and now have 9/18 hp.
You closely miss the goblin. The goblin hits you with a +0 club.
* * * LOW HITPOINT WARNING * * *
The goblin closely misses you. The goblin hits you but does no damage.
The goblin closely misses you.
The hobgoblin hits you but does no damage.
The goblin hits you with a +0 club.
* * * LOW HITPOINT WARNING * * *
The goblin barely misses you. 😱 HP[-5]
You take 5 damage, and now have 4/18 hp.
MASSIVE DAMAGE!! (PAUSE)
The goblin unwields a +0 dagger.
The goblin wields a +0 hunting sling.
The goblin shoots a sling bullet.
The sling bullet closely misses you. The goblin hits you but does no damage.
The goblin closely misses you.
Things that are here:
a +0 club {mace}; a +0 dagger {short}; a goblin corpse The goblin shoots a sling bullet.
The sling bullet hits the goblin.
The goblin dies!
The goblin misses you. As you open the door, it creaks loudly!
The goblin shoots a sling bullet.
The sling bullet barely misses the goblin.
The sling bullet misses you.
The goblin barely misses you. x2 "I wonder...
What does this button do?"
Your leather armour briefly grows fur, then returns to normal.
There is an open door here.
You hit the goblin.
You kill the goblin!
The goblin shoots a sling bullet.
The sling bullet barely misses the goblin.
The sling bullet barely misses you.
The goblin shoots a sling bullet.
The sling bullet barely misses the goblin.
The sling bullet barely misses you.
You hit the goblin.
Space warps horribly around the goblin!!
You kill the goblin! 😨 HP[+1]
You close the door, pushing everything out of the way.
You start resting.
A hobgoblin is nearby!
You see here a +0 dagger {short}.
You catch the helpless hobgoblin completely off-guard!
You hit the hobgoblin.
Lightning courses through the hobgoblin!!
You kill the hobgoblin!
The goblin shoots a sling bullet.
The sling bullet closely misses you.
You barely miss the goblin.
The goblin unwields a +0 hunting sling.
The goblin wields a +0 dagger.
The goblin barely misses you.
You barely miss the goblin. The goblin barely misses you.
The goblin hits you but does no damage.
You catch the helpless goblin completely off-guard!
You hit the goblin. You burn the goblin. The goblin hits you with a +0 dagger.
* * * LOW HITPOINT WARNING * * *
😱 HP[-2]
You take 2 damage, and now have 3/18 hp.
You closely miss the goblin. The goblin hits you with a +0 dagger.
You die... "Huh?
Did I miss anything?"

Skill      XL: |  1  2 |
---------------+-------+-----
Spellcasting   | 1 2 |  2.7
Fighting       | |  2.7
Long Blades    | |  2.6
Armour         | |  0.7
Dodging        | |  2.4

Action                   || total
-------------------------++-------
Melee: Falchion          ||    43
  Use: Scroll            ||     2
       Potion            ||     1
 Stab: Invisible         ||     3
       Sleeping          ||     1
Armor: Leather armour    ||    26
Dodge: Dodged            ||    55

Levels and vault maps discovered:
D:1:      shiori_shiawase, layout_basic
D:2:      wander_river, layout_loops_corners, uniq_robin, uniq_jessica,
          uniq_terence, uniq_sigmund

Notes
Turn   | Place    | Note
-------+----------+-------------------------------------------
     0 | D:1      | spaghetti the Deep Elf Chaos Knight began the quest for the
                  | Orb.
     0 | D:1      | Reached XP level 1. HP: 13/13 MP: 3/3
     0 | D:1      | magus.rc [v1.9.6]
     5 | D:1      | XOM: silly message
    86 | D:1      | You pick up a book of Minor Magic and begin reading...
    86 | D:1      | You add the spells Magic Dart, Call Imp and Mephitic Cloud
                  | to your library.
   121 | D:1      | HP: 3/13 [ball python (2)]
   622 | D:1      | Reached skill level 1 in Spellcasting
   707 | D:1      | Reached XP level 2. HP: 14/18 MP: 6/6
   908 | D:1      | You pick up a book of Necromancy and begin reading...
   908 | D:1      | You add the spells Pain, Animate Skeleton and Vampiric
                  | Draining to your library.
  1196 | D:1      | Reached skill level 2 in Spellcasting
  1344 | D:2      | Noticed Robin
  1365 | D:1      | XOM: silly message
  1421 | D:1      | HP: 4/18 [goblin/+0 club[Robin] (1)]
  1425 | D:1      | XOM: silly message
  1439 | D:1      | HP: 3/18 [goblin/+0 dagger[Robin] (2)]
  1440 | D:1      | Slain by a goblin

Vanquished Creatures
  3 ball pythons (D:1)
  3 endoplasms (D:1)
  A giant cockroach (D:1)
  5 goblins (D:1)
  3 hobgoblins (D:1)
  A kobold (D:1)
  A frilled lizard (D:1)
17 creatures vanquished.

Vanquished Creatures (others)
  A goblin (D:1)
1 creature vanquished.

Grand Total: 18 creatures vanquished

Table legend:
 A = Non-vault XP
 B = Vault XP
 C = Vault XP percentage of total XP
 D = Non-vault monster count
 E = Vault monster count
 F = Vault count percentage of total count
                 A         B        C        D         E       F
            +---------+---------+-------+---------+---------+-------
      Total |      19 |      13 |  40.6 |      10 |       7 |  41.2
            +---------+---------+-------+---------+---------+-------
        D:1 |      19 |      13 |  40.6 |      10 |       7 |  41.2
            +---------+---------+-------+---------+---------+-------

Illustrated notes

Table legend:
 A = Kills in this place as a percentage of kills in entire the game.
 B = Kills by you in this place as a percentage of kills by you in the entire game.
 C = Kills by friends in this place as a percentage of kills by friends in the entire game.
 D = Other kills in this place as a percentage of other kills in the entire game.
 E = Experience gained in this place as a percentage of experience gained in the entire game.
 F = Experience gained in this place divided by the number of levels of this place that you have seen.
                   A       B       C       D       E      F
               +-------+-------+-------+-------+-------+----------------------
         Total | 100.0 | 100.0 |   N/A |   N/A | 100.0 |  16.0
       Dungeon | 100.0 | 100.0 |   N/A |   N/A | 100.0 |  16.0
               +-------+-------+-------+-------+-------+----------------------

Table legend: (Time is in decaauts)
 A = Elapsed time spent in this place.
 B = Non-inter-level travel time spent in this place.
 C = Inter-level travel time spent in this place.
 D = Time resting spent in this place.
 E = Time spent auto-exploring this place.
 F = Levels seen in this place.
 G = Mean time per level.
                   A        B        C        D        E       F      G
               +--------+--------+--------+--------+--------+-----+--------+
         Total |   1448 |   1436 |     12 |    493 |    821 |   2 |  724.0 |
       Dungeon |   1448 |   1436 |     12 |    493 |    821 |   2 |  724.0 |
               +--------+--------+--------+--------+--------+-----+--------+

Top non-repeatable levels by time:
     D:1: 1444 daAuts
     D:2: 4 daAuts
